TOP OF THE 1ST |
Athletic Club KC Academy batting - Pitching for Ottawa Nationals : LHP Freddy Campos
|
Pitching: LHP Freddy Campos
|
|
Batting: RHB Gabriel Martínez
|
0-0: Swinging Strike 0-1: Foul Ball, location: 2F 0-2: SINGLE (Line Drive, 78M, EV 98.8 MPH)
|
Batting: RHB Andy Roarick
|
0-0: Ball 1-0: Called Strike 1-1: Swinging Strike 1-2: Grounds into double play, 5-4-3 (Groundball, 5, EV 85.6 MPH)
|
Batting: RHB Donald Guegan
|
0-0: Ball 1-0: Ball 2-0: Hit by Pitch
|
Batting: RHB Sancho Prieto
|
0-0: Swinging Strike 0-1: Called Strike 0-2: Ball 1-2: Ball 2-2: Ball 3-2: Strikes out looking
|
Top of the 1st over - 0 runs, 1 hit, 0 errors, 1 left on base; Athletic Club KC Academy 0 - Ottawa 0 |
BOTTOM OF THE 1ST |
Ottawa Nationals batting - Pitching for Athletic Club KC Academy : RHP Ozamataz Buckshank
|
Pitching: RHP Ozamataz Buckshank
|
|
Batting: RHB Glenn Curtis
|
0-0: Called Strike 0-1: Foul Ball, location: 2F 0-2: Ball 1-2: Foul Ball, location: 2F 1-2: Foul Ball, location: 2F 1-2: Ground out 5-3 (Groundball, 5, EV 87.5 MPH)
|
Batting: SHB Júlio Moreno
|
0-0: Called Strike 0-1: Ball 1-1: Foul Ball, location: 2F 1-2: Ball 2-2: Fly out, F8 (Line Drive, 8LD, EV 88.1 MPH)
|
Batting: RHB Jorge Ozezera
|
0-0: Ground out 6-3 (Groundball, 6, EV 80.6 MPH)
|
Bottom of the 1st over - 0 runs, 0 hits, 0 errors, 0 left on base; Athletic Club KC Academy 0 - Ottawa 0 |
TOP OF THE 2ND |
Athletic Club KC Academy batting - Pitching for Ottawa Nationals : LHP Freddy Campos
|
Batting: RHB Woody Thomas
|
0-0: Ground out 1-3 (Groundball, P, EV 90.0 MPH)
|
Batting: RHB Quinn Albracht
|
0-0: Ball 1-0: Ball 2-0: Ground out 4-3 (Groundball, 4, EV 80.6 MPH)
|
Batting: LHB Oriol Fernández
|
0-0: Ball 1-0: Fly out, F4 (Popup, 4, EV 58.1 MPH)
|
Top of the 2nd over - 0 runs, 0 hits, 0 errors, 0 left on base; Athletic Club KC Academy 0 - Ottawa 0 |
BOTTOM OF THE 2ND |
Ottawa Nationals batting - Pitching for Athletic Club KC Academy : RHP Ozamataz Buckshank
|
Batting: LHB Tony Goodwin
|
0-0: Called Strike 0-1: Ball 1-1: Ball 2-1: Ball 3-1: Base on Balls
|
Batting: RHB Sallvador Rebola
|
0-0: Ball 1-0: Ball Tony Goodwin steals 2nd, throwing error, E2 Tony Goodwin to third 2-0: Called Strike 2-1: Ground out U3 (Groundball, 34, EV 89.4 MPH) Tony Goodwin scores
|
Batting: RHB Cary Collins
|
0-0: Ball 1-0: Called Strike 1-1: Ball 2-1: Ball 3-1: Foul Ball, location: 2F 3-2: Foul Ball, location: 2F 3-2: Base on Balls
|
Batting: RHB Cheh Zhi
|
0-0: Fly out, F9 (Flyball, 89M, EV 88.1 MPH)
|
Batting: RHB Gary Goodwin
|
0-0: Called Strike 0-1: Swinging Strike 0-2: Strikes out swinging
|
Bottom of the 2nd over - 1 run, 0 hits, 1 error, 1 left on base; Athletic Club KC Academy 0 - Ottawa 1 |
TOP OF THE 3RD |
Athletic Club KC Academy batting - Pitching for Ottawa Nationals : LHP Freddy Campos
|
Batting: RHB Rodrigo Sousa
|
0-0: Called Strike 0-1: Ball 1-1: Ball 2-1: Fly out, F2 (Popup, 23F, EV 90.6 MPH)
|
Batting: LHB Armando Romero
|
0-0: Ball 1-0: Foul Ball, location: 2F 1-1: Ball 2-1: Called Strike 2-2: Strikes out looking
|
Batting: RHB Gabriel Martínez
|
0-0: Ball 1-0: Fly out, F8 (Flyball, 89D, EV 103.8 MPH)
|
Top of the 3rd over - 0 runs, 0 hits, 0 errors, 0 left on base; Athletic Club KC Academy 0 - Ottawa 1 |
BOTTOM OF THE 3RD |
Ottawa Nationals batting - Pitching for Athletic Club KC Academy : RHP Ozamataz Buckshank
|
Batting: RHB Manuel Vroonland
|
0-0: Fly out, F8 (Flyball, 8RD, EV 100.0 MPH)
|
Batting: RHB Glenn Curtis
|
0-0: Ball 1-0: Ground out 6-3 (Groundball, 6, EV 84.4 MPH)
|
Batting: SHB Júlio Moreno
|
0-0: Foul Ball, location: 2F 0-1: Ground out 1-3 (Groundball, 25, EV 80.6 MPH)
|
Bottom of the 3rd over - 0 runs, 0 hits, 0 errors, 0 left on base; Athletic Club KC Academy 0 - Ottawa 1 |
TOP OF THE 4TH |
Athletic Club KC Academy batting - Pitching for Ottawa Nationals : LHP Freddy Campos
|
Batting: RHB Andy Roarick
|
0-0: Swinging Strike 0-1: Bunt missed! 0-2: Ball 1-2: Ball 2-2: SOLO HOME RUN (Line Drive, 7LD, EV 100.6 MPH), Distance : 352 ft
|
Batting: RHB Donald Guegan
|
0-0: Called Strike 0-1: Called Strike 0-2: Ball 1-2: Ball 2-2: Ball 3-2: Base on Balls
|
Batting: RHB Sancho Prieto
|
0-0: Ball Pickoff Throw to First - Out! 1-3 1-0: SINGLE (Flyball, 8LS, EV 88.8 MPH)
|
Batting: RHB Woody Thomas
|
0-0: Ball 1-0: Ball 2-0: Ball 3-0: Called Strike 3-1: DOUBLE (Flyball, 8RXD, EV 90.0 MPH) Sancho Prieto to third Runner from 3rd tries for Home, SAFE, no throw by CF
|
Batting: RHB Quinn Albracht
|
0-0: Ground out U3 (Groundball, 34, EV 102.5 MPH) Woody Thomas to third
|
Batting: LHB Oriol Fernández
|
0-0: Ball 1-0: Ground out 6-3 (Groundball, 6, EV 88.8 MPH)
|
Top of the 4th over - 2 runs, 3 hits, 0 errors, 1 left on base; Athletic Club KC Academy 2 - Ottawa 1 |
BOTTOM OF THE 4TH |
Ottawa Nationals batting - Pitching for Athletic Club KC Academy : RHP Ozamataz Buckshank
|
Batting: RHB Jorge Ozezera
|
0-0: Called Strike 0-1: Foul Ball, location: 2F 0-2: Strikes out looking
|
Batting: LHB Tony Goodwin
|
0-0: Fly out, F1 (Popup, P, EV 83.8 MPH)
|
Batting: RHB Sallvador Rebola
|
0-0: Called Strike 0-1: Called Strike 0-2: Ball 1-2: Strikes out swinging
|
Bottom of the 4th over - 0 runs, 0 hits, 0 errors, 0 left on base; Athletic Club KC Academy 2 - Ottawa 1 |
TOP OF THE 5TH |
Athletic Club KC Academy batting - Pitching for Ottawa Nationals : LHP Freddy Campos
|
Batting: RHB Rodrigo Sousa
|
0-0: Swinging Strike 0-1: Swinging Strike 0-2: Foul Ball, location: 2F 0-2: Strikes out swinging
|
Batting: LHB Armando Romero
|
0-0: Fly out, F1 (Line Drive, P, EV 63.8 MPH)
|
Batting: RHB Gabriel Martínez
|
0-0: Ball 1-0: Ground out 6-3 (Groundball, 6, EV 97.5 MPH)
|
Top of the 5th over - 0 runs, 0 hits, 0 errors, 0 left on base; Athletic Club KC Academy 2 - Ottawa 1 |
BOTTOM OF THE 5TH |
Ottawa Nationals batting - Pitching for Athletic Club KC Academy : RHP Ozamataz Buckshank
|
Batting: RHB Cary Collins
|
0-0: Ball 1-0: Ball 2-0: Called Strike 2-1: Foul Ball, location: 2F 2-2: Ball 3-2: Base on Balls
|
Batting: RHB Cheh Zhi
|
0-0: Bunted foul 0-1: Bunt - Flyout to 2L! F2
|
Batting: RHB Gary Goodwin
|
0-0: Ground out 5-3 (Groundball, 56S, EV 70.0 MPH) Cary Collins to second
|
Batting: RHB Manuel Vroonland
|
0-0: Ball 1-0: Ball 2-0: Ball 3-0: Base on Balls
|
Batting: RHB Glenn Curtis
|
0-0: Ball 1-0: Ball 2-0: Called Strike 2-1: Ball 3-1: DOUBLE (Flyball, 89D, EV 96.2 MPH) Cary Collins scores Manuel Vroonland to third
|
Batting: SHB Júlio Moreno
|
0-0: Ground out 6-3 (Groundball, 6M, EV 111.2 MPH)
|
Bottom of the 5th over - 1 run, 1 hit, 0 errors, 2 left on base; Athletic Club KC Academy 2 - Ottawa 2 |
TOP OF THE 6TH |
Athletic Club KC Academy batting - Pitching for Ottawa Nationals : LHP Freddy Campos
|
Batting: RHB Andy Roarick
|
0-0: Called Strike 0-1: Ground out 5-3 (Groundball, 5L, EV 87.5 MPH)
|
Batting: RHB Donald Guegan
|
0-0: Foul Ball, location: 2F 0-1: Called Strike 0-2: Strikes out swinging
|
Batting: RHB Sancho Prieto
|
0-0: Swinging Strike 0-1: Fly out, F9 (Flyball, 9LS, EV 83.8 MPH)
|
Top of the 6th over - 0 runs, 0 hits, 0 errors, 0 left on base; Athletic Club KC Academy 2 - Ottawa 2 |
BOTTOM OF THE 6TH |
Ottawa Nationals batting - Pitching for Athletic Club KC Academy : RHP Ozamataz Buckshank
|
Batting: RHB Jorge Ozezera
|
0-0: Called Strike 0-1: Ball 1-1: Fly out, F9 (Line Drive, 9, EV 91.9 MPH)
|
Batting: LHB Tony Goodwin
|
0-0: Ball 1-0: Called Strike 1-1: Called Strike 1-2: Strikes out swinging
|
Batting: RHB Sallvador Rebola
|
0-0: Fly out, F8 (Line Drive, 8RD, EV 98.1 MPH)
|
Bottom of the 6th over - 0 runs, 0 hits, 0 errors, 0 left on base; Athletic Club KC Academy 2 - Ottawa 2 |
TOP OF THE 7TH |
Athletic Club KC Academy batting - Pitching for Ottawa Nationals : LHP Freddy Campos
|
Batting: RHB Woody Thomas
|
0-0: Swinging Strike 0-1: Fly out, F6 (Popup, 15, EV 83.8 MPH)
|
Batting: RHB Quinn Albracht
|
0-0: Called Strike 0-1: Ball 1-1: Swinging Strike 1-2: Foul Ball, location: 2F 1-2: Fly out, F4 (Line Drive, 4, EV 72.5 MPH)
|
Batting: LHB Oriol Fernández
|
0-0: Foul Ball, location: 2F 0-1: Ball 1-1: Ball 2-1: Foul Ball, location: 2F 2-2: Foul Ball, location: 2F 2-2: Ball 3-2: Base on Balls
|
Pitching: RHP Jesús Lara
|
|
Batting: RHB Rodrigo Sousa
|
0-0: Ball 1-0: Ball 2-0: SINGLE (Flyball, 7S, EV 87.5 MPH) Oriol Fernández to second
|
Batting: LHB Armando Romero
|
0-0: Ball 1-0: SINGLE (Line Drive, 89S, EV 105.0 MPH) Oriol Fernández to third Rodrigo Sousa to second Runner from 3rd tries for Home, SAFE, throw by RF to home
|
Batting: RHB Gabriel Martínez
|
0-0: Hit by Pitch Rodrigo Sousa to third Armando Romero to second
|
Batting: RHB Andy Roarick
|
0-0: Ball 1-0: Ball 2-0: Foul Ball, location: 2F 2-1: Ball Passed Ball! Rodrigo Sousa scores Armando Romero to third Gabriel Martínez to second 3-1: SINGLE (Line Drive, 78M, EV 93.1 MPH) Armando Romero scores Gabriel Martínez to third Runner from 3rd tries for Home, SAFE, throw by LF to home
|
Pitching: LHP Gerald Emerson
|
|
Batting: RHB Donald Guegan
|
0-0: Ball 1-0: Ball 2-0: Ball 3-0: Base on Balls Andy Roarick to second
|
Batting: RHB Sancho Prieto
|
0-0: Ball 1-0: Ball 2-0: Foul Ball, location: 2F 2-1: Swinging Strike 2-2: Fielders Choice at 2nd, 6-4 (Groundball, 6, EV 93.8 MPH)
|
Top of the 7th over - 4 runs, 3 hits, 0 errors, 2 left on base; Athletic Club KC Academy 6 - Ottawa 2 |
BOTTOM OF THE 7TH |
Ottawa Nationals batting - Pitching for Athletic Club KC Academy : RHP Ozamataz Buckshank
|
Batting: RHB Cary Collins
|
0-0: Ball 1-0: Ball 2-0: Foul Ball, location: 2F 2-1: Ball 3-1: Base on Balls
|
Batting: RHB Cheh Zhi
|
0-0: Ball 1-0: Called Strike 1-1: Swinging Strike 1-2: Strikes out swinging
|
Batting: RHB Gary Goodwin
|
0-0: Foul Ball, location: 2F 0-1: Called Strike 0-2: Foul Ball, location: 2F 0-2: Ball 1-2: DOUBLE (Line Drive, 89D, EV 109.4 MPH) Cary Collins to third Runner from 3rd tries for Home, SAFE, throw by RF to trailing runner, SAFE at third!
|
Batting: RHB Manuel Vroonland
|
0-0: Ball 1-0: Called Strike 1-1: Ground out U3 (Groundball, 3L, EV 89.4 MPH)
|
Batting: RHB Glenn Curtis
|
0-0: Called Strike 0-1: Ball 1-1: Called Strike 1-2: Foul Ball, location: 2F 1-2: Ball 2-2: Strikes out swinging
|
Bottom of the 7th over - 1 run, 1 hit, 0 errors, 1 left on base; Athletic Club KC Academy 6 - Ottawa 3 |
TOP OF THE 8TH |
Athletic Club KC Academy batting - Pitching for Ottawa Nationals : LHP Gerald Emerson
|
Batting: RHB Woody Thomas
|
0-0: Called Strike 0-1: DOUBLE (Line Drive, 7LS, EV 112.5 MPH)
|
Batting: RHB Quinn Albracht
|
0-0: Intentional Walk
|
Batting: LHB Oriol Fernández
|
0-0: Ball Woody Thomas steals 3rd base Quinn Albracht to second 1-0: Ball 2-0: Called Strike 2-1: Ball 3-1: Foul Ball, location: 2F 3-2: Foul Ball, location: 2F 3-2: Foul Ball, location: 2F 3-2: Strikes out swinging
|
Batting: RHB Rodrigo Sousa
|
0-0: Intentional Walk
|
Batting: LHB Armando Romero
|
0-0: Ball 1-0: Ball 2-0: Foul Ball, location: 2F 2-1: Ball 3-1: Foul Ball, location: 2F 3-2: Foul Ball, location: 2F 3-2: Base on Balls Woody Thomas scores Quinn Albracht to third Rodrigo Sousa to second
|
Batting: RHB Gabriel Martínez
|
0-0: Ball 1-0: SINGLE (Line Drive, 8RS, EV 92.5 MPH) Quinn Albracht scores Rodrigo Sousa to third Armando Romero to second
|
Batting: RHB Andy Roarick
|
0-0: Fly out, F7 (Flyball, 7S, EV 88.8 MPH)
|
Batting: RHB Donald Guegan
|
0-0: Foul Ball, location: 2F 0-1: Ball 1-1: Ball 2-1: Fly out, F8 (Line Drive, 8LD, EV 97.5 MPH)
|
Top of the 8th over - 2 runs, 2 hits, 0 errors, 3 left on base; Athletic Club KC Academy 8 - Ottawa 3 |
BOTTOM OF THE 8TH |
Ottawa Nationals batting - Pitching for Athletic Club KC Academy : RHP Ozamataz Buckshank
|
Batting: SHB Júlio Moreno
|
0-0: Foul Ball, location: 2F 0-1: Swinging Strike 0-2: Ball 1-2: Ball 2-2: Strikes out swinging
|
Batting: RHB Jorge Ozezera
|
0-0: Swinging Strike 0-1: Ball 1-1: Ball 2-1: Foul Ball, location: 2F 2-2: Ball 3-2: Foul Ball, location: 2F 3-2: Base on Balls
|
Pitching: LHP Justin Wright
|
|
Batting: LHB Tony Goodwin
|
0-0: Called Strike 0-1: Ball 1-1: Ball 2-1: Foul Ball, location: 2F 2-2: Grounds out, U3 (Groundball, 3L, EV 103.8 MPH)
|
Batting: RHB Sallvador Rebola
|
0-0: Ground out 1-3 (Groundball, 34S, EV 86.9 MPH)
|
Bottom of the 8th over - 0 runs, 0 hits, 0 errors, 1 left on base; Athletic Club KC Academy 8 - Ottawa 3 |
TOP OF THE 9TH |
Athletic Club KC Academy batting - Pitching for Ottawa Nationals : LHP Gerald Emerson
|
Batting: RHB Sancho Prieto
|
0-0: Ground out 1-3 (Groundball, P, EV 81.2 MPH)
|
Batting: RHB Woody Thomas
|
0-0: Called Strike 0-1: Called Strike 0-2: Ball 1-2: Ball 2-2: Ball 3-2: Base on Balls
|
Pitching: RHP Cale Ryan
|
|
Batting: RHB Quinn Albracht
|
0-0: Ball Woody Thomas is caught stealing 2nd base 2-4 1-0: Ground out 4-3 (Groundball, 4MS, EV 79.4 MPH)
|
Top of the 9th over - 0 runs, 0 hits, 0 errors, 0 left on base; Athletic Club KC Academy 8 - Ottawa 3 |
BOTTOM OF THE 9TH |
Ottawa Nationals batting - Pitching for Athletic Club KC Academy : LHP Justin Wright
|
Batting: RHB Cary Collins
|
0-0: SINGLE (Groundball, 4D, EV 108.1 MPH)
|
Batting: RHB Cheh Zhi
|
0-0: Ball 1-0: Foul Ball, location: 2F 1-1: Fly out, F7 (Flyball, 78D, EV 105.0 MPH)
|
Batting: RHB Gary Goodwin
|
0-0: Called Strike 0-1: Ball 1-1: Ball 2-1: Foul Ball, location: 2F 2-2: Ball 3-2: Strikes out swinging
|
Batting: RHB Manuel Vroonland
|
0-0: Called Strike 0-1: Called Strike 0-2: Ground out 6-3 (Groundball, 4M, EV 105.6 MPH)
|
Bottom of the 9th over - 0 runs, 1 hit, 0 errors, 1 left on base; Athletic Club KC Academy 8 - Ottawa 3 |
|